 Dungeon Crawl Stone Soup version 0.28-b1-25-g9875b3fc8c (webtiles) character file.

Game seed: 501218434199105867

2 ctl46 the Poker (level 1, -1/18 HPs)
             Began as a Merfolk Berserker on Feb 2, 2022.
             Was a Follower of Trog.
             Frozen to death by an endoplasm (5 damage)
             ... on level 1 of the Dungeon.
             The game lasted 00:03:50 (253 turns).

ctl46 the Poker (Merfolk Berserker)                  Turns: 253, Time: 00:03:51

Health: -1/18      AC:  2    Str: 17    XL:     1   Next: 30%
Magic:  1/1        EV: 12    Int:  6    God:    Trog [*.....]
Gold:   6          SH:  0    Dex: 13    Spells: 0/0 levels left

rFire   . . .      SeeInvis .   a - +0 spear
rCold   . . .      Faith    .   (no shield)
rNeg    . . .      Spirit   .   b - +0 animal skin
rPois   .          Reflect  .   (no helmet)
rElec   .          Harm     .   (no cloak)
rCorr   .          Rampage  .   (no gloves)
Will    .....                   (no boots)
Stlth   +.........              (no amulet)
HPRegen 0.06/turn               (no ring)
MPRegen 0.07/turn               (no ring)

@: no status effects
A: (nimble swimmer 2), mertail
a: Renounce Religion, Berserk


You were on level 1 of the Dungeon.
You worshipped Trog.
Trog was aware of your devotion.
You visited 1 branch of the dungeon, and saw 1 of its levels.

You collected 6 gold pieces.

Inventory:

Hand Weapons
 a - a +0 spear (weapon)
Armour
 b - a +0 animal skin (worn)
Scrolls
 c - a scroll of immolation {unknown}
 d - a scroll of vulnerability {unknown}
Potions
 e - a potion of curing {unknown}


   Skills:
 + Level 3.3 Fighting
 + Level 4.4 Polearms
 + Level 1.4 Armour
 + Level 2.7 Dodging


You couldn't memorise any spells.
You didn't know any spells.
Your spell library was empty.

Dungeon Overview and Level Annotations

Branches:
Dungeon (1/15)

Altars:


Innate Abilities, Weirdness & Mutations

((You are very nimble when in or above water. (Stealth+, EV+, Speed+++)))
Your lower body shifts to a powerful aquatic tail in water.


Message History

Reach: a) +0 spear
Press: ? - help, Dir - move target, f - hobgoblin
Aim: a hobgoblin (about 37% to evade your +0 spear)
You reach to attack!
You closely miss the hobgoblin.
The endoplasm quivers.
Reach: a) +0 spear
Press: ? - help, Dir - move target, f/p - hobgoblin
Aim: a hobgoblin (about 37% to evade your +0 spear)
The goblin shouts!
You hit the hobgoblin.
The hobgoblin is moderately wounded.
The hobgoblin hits you but does no damage.
Unknown command.
Reach: a) +0 spear
Press: ? - help, Dir - move target, f/p - hobgoblin
Aim: a hobgoblin (moderately wounded, about 37% to evade your +0 spear)
You hit the hobgoblin but do no damage.
The hobgoblin is moderately wounded.
The hobgoblin hits you.
You closely miss the hobgoblin.
The hobgoblin is moderately wounded.
The hobgoblin hits you.
Reach: a) +0 spear
Press: ? - help, Dir - move target, f/p - hobgoblin
Aim: a hobgoblin (moderately wounded, about 37% to evade your +0 spear)
You hit the hobgoblin.
The hobgoblin is almost dead.
The endoplasm hits you. The hobgoblin hits you.
* * * LOW HITPOINT WARNING * * *
The hobgoblin closely misses you.
You see here a scroll labelled BOFUDOUTABO.
You see here a +0 ring mail.
The endoplasm hits you but does no damage.
The endoplasm hits you but does no damage.
The endoplasm freezes you.
You are frozen.
* * * LOW HITPOINT WARNING * * *
The endoplasm freezes you.
You are frozen.
You die...

.......♣ ♣♣♣♣.♣♣♣.
###.....♣♣ ♣♣♣...♣♣ ♣♣
##..g..♣♣♣≈♣♣...♣♣♣ ♣
##..♣♣♣♣♣♣≈≈≈..♣♣♣
##?♣♣♣ ♣♣♣≈)≈♣♣♣ #..♣♣
♣♣≈≈≈≈♣♣ ##..♣
♣♣♣♣♣...≈≈≈♣♣♣
#[.♣♣♣♣♣.....♣...≈≈≈♣
♣♣.g.♣.@...♣♣♣♣...♣≈≈≈♣
♣♣♣.gJ.♣♣♣♣ ♣♣.♣♣ ≈≈≈
♣♣♣♣♣♣ ♣♣♣ ♣


You could see an endoplasm and a hobgoblin.

Vanquished Creatures
  A kobold (D:1)
  A rat (D:1)
2 creatures vanquished.

Vanquished Creatures (others)
  2 plants (D:1)
2 creatures vanquished.

Grand Total: 4 creatures vanquished

Notes
Turn   | Place    | Note
-------+----------+-------------------------------------------
     0 | D:1      | ctl46 the Merfolk Berserker began the quest for the Orb.
     0 | D:1      | Reached XP level 1. HP: 18/18 MP: 1/1
   253 | D:1      | Frozen to death by an endoplasm

Illustrated notes

Levels and vault maps discovered:
D:1:      kilobyte_arrival_exit_the_forest, layout_loops_ring, serial_rivers,
          chequers_serial_rivers_micro_d, chequers_serial_rivers_micro_a,
          chequers_serial_rivers_micro_a, chequers_serial_rivers_room_a,
          chequers_serial_rivers_large_a

Action                   || total
-------------------------++-------
Melee: Spear             ||    14
       Punch             ||     1
Armor: Animal skin       ||     3
Dodge: Dodged            ||     1
